Map: Newkirk Precinct TE (Void)

Players

ByuL - Winner!

  • Race: Zerg Zerg
  • Spawn Location: 5:00

Classic

  • Race: Protoss Protoss
  • Spawn Location: 7:00

Event: IEM Season 11 - Gyeonggi

VOD

https://www.youtube.com/watch?v=KC_Umf1MWl8

Description

Time

  • Played on: Dec. 14, 2016, 5:25 a.m.
  • Length: 21:24

All games in this series

Show
View Real Time Build Order
Export as new Build Order

ByuL Zerg - Winner!

Build Orders: Pool First 

Get SALT Encoding   

  12  0:18  Spawning Pool  
  11  0:22  Drone  
  11  0:28  Drone  
  13  0:31  Drone  
  14  0:42  Overlord  
  14  1:05  Hatchery  
  14  1:08  Zergling x2  
  14  1:14  Drone  
  14  1:17  Drone  
  16  1:21  Drone  
  17  1:32  Queen  
  17  1:36  Drone  
  20  1:41  Drone  
  21  1:50  Extractor  
  21  1:53  Overlord  
  20  2:06  Drone  
  21  2:14  Queen  
  24  2:15  Drone  
  24  2:19  Drone  
  25  2:25  Drone  
  26  2:31  Drone  
  27  2:38  Hatchery  
  27  2:43  Zergling x4  
  28  2:49  Zergling x2  
  28  2:52  Zergling x2  
  28  2:54  Metabolic Boost  
  29  2:58  Zergling x2  
  29  3:01  Zergling x2  
  31  3:08  Zergling x4  
  31  3:12  Zergling x4  
  33  3:16  Zergling x2  
  33  3:22  Zergling x4  
  32  3:35  Drone  
  32  3:36  Drone x2  
  32  3:39  Overlord  
  35  3:44  Drone  
  35  3:48  Drone  
  35  3:52  Drone x2  
  37  3:59  Drone x2  
  39  4:07  Drone, Queen  
  39  4:08  Drone  
  39  4:09  Drone  
  44  4:11  Drone  
  44  4:14  Spore Crawler  
  44  4:19  Drone  
  44  4:21  Spore Crawler  
  45  4:24  Drone  
  45  4:25  Drone x2  
  45  4:27  Spore Crawler  
  45  4:30  Drone  
  48  4:31  Drone  
  49  4:39  Overlord x2  
  49  4:43  Zergling x2  
  50  4:46  Spore Crawler  
  50  4:51  Zergling x2  
  50  4:57  Zergling x2  
  51  5:00  Drone, Queen  
  51  5:01  Zergling x4  
  51  5:02  Drone  
  51  5:03  Drone x3  
  61  5:07  Drone  
  61  5:11  Drone x2  
  61  5:12  Drone  
  61  5:13  Drone  
  63  5:19  Zergling x4  
  63  5:23  Drone x3  
  63  5:25  Drone x2  
  63  5:28  Drone  
  63  5:29  Drone  
  64  5:36  Pneumatized Carapace  
  64  5:37  Drone  
  64  5:38  Overlord  
  64  5:39  Overlord  
  64  5:40  Extractor  
  64  5:41  Evolution Chamber  
  63  5:45  Overlord  
  63  5:47  Overlord  
  63  5:49  Drone x2  
  65  5:54  Overlord  
  65  5:56  Drone  
  66  5:59  Drone  
  66  6:00  Queen  
  66  6:02  Drone  
  66  6:03  Baneling Nest, Drone x2  
  71  6:07  Drone x2  
  71  6:08  Drone  
  74  6:12  Queen  
  74  6:13  Overlord  
  76  6:18  Zerg Melee Weapons Level 1  
  76  6:21  Overlord  
  76  6:23  Zergling x10  
  76  6:24  Zergling x2  
  82  6:26  Zergling x2  
  82  6:27  Zergling x2  
  84  6:36  Zergling x6  
  87  6:40  Zergling x2  
  87  6:41  Zergling x4  
  89  6:54  Hatchery  
  89  6:56  Baneling x7  
  89  6:57  Zergling x2  
  89  6:58  Zergling x14  
  96  7:02  Queen  
  96  7:05  Baneling x2  
  96  7:06  Zergling x4  
  100  7:09  Baneling, Overlord  
  100  7:10  Overlord  
  100  7:12  Zergling x2  
  100  7:13  Zergling x4  
  95  7:24  Zergling x10  
  95  7:29  Queen  
  98  7:35  Baneling x3  
  98  7:36  Zergling x2  
  98  7:37  Zergling x10  
  105  7:40  Zergling x8  
  105  7:51  Zergling x2  
  105  7:52  Roach Warren, Hatchery  
  105  7:55  Zergling x4  
  105  7:56  Zergling x2  
  85  8:13  Drone  
  85  8:14  Drone x9, Queen  
  97  8:20  Drone x2  
  97  8:22  Drone x4, Lair  
  97  8:24  Zerg Ground Armor Level 1  
  103  8:31  Zergling x2  
  103  8:32  Zergling x4  
  103  8:33  Zergling x2  
  107  8:38  Extractor x2, Zergling x10  
  110  8:43  Baneling  
  110  8:44  Drone x3  
  110  8:45  Drone  
  110  8:46  Drone  
  115  8:55  Zergling x2  
  115  8:56  Hatchery, Zergling x10  
  119  9:07  Zergling x2  
  119  9:08  Zergling x14  
  127  9:14  Zergling x12  
  132  9:22  Drone  
  131  9:27  Evolution Chamber  
  131  9:28  Drone x4, Extractor  
  131  9:29  Roach x4  
  131  9:30  Roach, Extractor  
  142  9:32  Drone  
  143  9:38  Centrifical Hooks  
  143  9:40  Zergling x6  
  143  9:41  Zergling x6  
  143  9:42  Baneling  
  143  9:43  Baneling x12  
  143  9:44  Overlord  
  149  9:46  Overseer  
  149  9:50  Spore Crawler  
  149  9:51  Overlord  
  149  9:52  Overlord  
  148  9:58  Drone  
  148  9:59  Overlord  
  149  10:09  Ravager x4  
  149  10:11  Drone x3  
  149  10:12  Drone x6  
  162  10:15  Spine Crawler  
  162  10:18  Baneling, Spine Crawler  
  162  10:19  Baneling x2  
  162  10:20  Zergling x26  
  173  10:25  Ravager  
  173  10:28  Zergling x4  
  176  10:33  Zergling x10  
  176  10:35  Zerg Melee Weapons Level 2  
  181  10:40  Zergling x2  
  181  10:41  Zergling x12  
  188  10:46  Baneling x2  
  188  10:50  Overlord x2  
  188  10:51  Overlord x2  
  188  10:53  Baneling x9  
  188  10:55  Baneling x5  
  188  10:56  Baneling x2  
  187  11:05  Infestation Pit  
  187  11:07  Baneling x2, Zergling x2  
  186  11:18  Zergling x12  
  161  11:19  Zergling x12  
  161  11:21  Zergling x2  
  161  11:24  Zergling x2  
  161  11:25  Zergling x18  
  162  11:33  Zergling x6  
  162  11:34  Zergling x2  
  162  11:37  Zerg Ground Armor Level 2  
  160  11:45  Baneling x2  
  160  11:46  Drone  
  161  11:51  Zergling x2  
  161  11:52  Zergling x20  
  161  11:54  Hive  
  172  11:56  Spire  
  172  11:58  Spore Crawler  
  172  12:00  Spine Crawler  
  169  12:06  Baneling x4  
  169  12:07  Baneling x8  
  169  12:08  Zergling x2  
  169  12:09  Zergling x18  
  169  12:13  Drone x3  
  169  12:14  Drone x2, Extractor  
  183  12:15  Baneling, Extractor  
  183  12:16  Baneling x4  
  183  12:21  Zergling x2  
  183  12:22  Zergling x10  
  188  12:23  Baneling x5  
  188  12:28  Zergling x2  
  188  12:29  Zergling x8  
  188  12:41  Zergling x2  
  188  12:42  Zergling x24  
  181  12:52  Zergling x10  
  181  12:58  Zergling x2  
  161  13:03  Zergling x6  
  142  13:06  Adrenal Glands  
  142  13:08  Hatchery, Zergling x2  
  142  13:09  Zergling x4  
  142  13:10  Drone x3  
  142  13:12  Greater Spire  
  147  13:13  Zergling x2  
  147  13:14  Zergling x4  
  147  13:23  Drone x3  
  147  13:25  Extractor  
  147  13:26  Extractor  
  148  13:30  Baneling  
  148  13:31  Baneling x10  
  148  13:34  Zergling x16  
  149  13:36  Baneling x4  
  149  13:39  Zergling x2  
  154  13:46  Corruptor  
  154  13:47  Corruptor x3  
  144  13:55  Zergling x8  
  142  13:56  Zergling x6  
  145  14:12  Baneling x5  
  145  14:13  Hatchery  
  144  14:18  Hatchery  
  141  14:30  Corruptor x2  
  144  14:33  Brood Lord x3  
  144  14:35  Extractor  
  149  14:46  Brood Lord  
  149  14:50  Zergling x2  
  149  14:51  Zergling x6  
  155  14:54  Zergling x2  
  155  15:04  Baneling  
  155  15:05  Baneling  
  155  15:09  Brood Lord  
  155  15:10  Brood Lord  
  155  15:12  Zergling x2  
  157  15:32  Drone, Viper x2, Extractor  
  157  15:34  Extractor  
  162  15:36  Drone x2  
  162  15:37  Drone  
  162  15:39  Drone x2  
  167  15:48  Overseer  
  167  15:53  Corruptor x3  
  167  15:54  Corruptor  
  175  16:02  Drone x2  
  177  16:13  Drone x2  
  177  16:17  Spore Crawler  
  178  16:22  Hatchery  
  176  16:26  Corruptor  
  176  16:27  Corruptor x4  
  186  16:39  Corruptor x2  
  185  16:41  Spawning Pool  
  188  16:51  Corruptor x2  
  190  17:04  Corruptor x2  
  194  17:09  Corruptor x2  
  189  17:38  Zergling x2  
  189  17:39  Zergling x16  
  176  17:59  Zergling x4  
  176  18:00  Zergling x2  
  175  18:09  Zergling x4  
  168  18:15  Zergling x2  
  168  18:16  Zergling x6  
  166  18:22  Zergling x2  
  166  18:24  Zergling x2  
  166  18:25  Zergling x2  
  161  18:33  Brood Lord x12  
  180  18:35  Zergling x2  
  180  18:40  Drone x3  
  184  18:43  Zergling x2  
  184  18:44  Zergling x8  
  189  18:54  Zergling x4  
  189  18:55  Zergling x2  
  169  19:07  Zergling x6  
  169  19:08  Zergling x4  
  173  19:12  Zergling x6  
  173  19:16  Zergling x6  
  150  19:26  Zergling x2  
  150  19:27  Zergling x4  
  136  20:03  Zergling x2  
  136  20:04  Zergling x16  
  144  20:15  Zergling x2  
  144  20:16  Zergling x4  
  144  20:17  Zergling x6  
  144  20:21  Queen, Zergling x6  
  151  20:23  Spore Crawler  
  151  20:26  Hatchery  
  153  20:29  Zergling x8  
  157  20:35  Overseer  
  157  20:36  Overseer  
  157  20:40  Zergling x2  
  157  20:41  Zergling x8  
  162  20:50  Zergling x2  
  162  20:51  Zergling x8  
Show
View Real Time Build Order
Export as new Build Order

Classic Protoss 

Build Orders:  

Get SALT Encoding   

  12  0:00  Probe (Chrono Boost)  
  13  0:11  Probe (Chrono Boost)  
  14  0:18  Pylon  
  14  0:22  Probe (Chrono Boost)  
  15  0:36  Probe (Chrono Boost)  
  15  0:39  Gateway  
  16  0:46  Probe (Chrono Boost)  
  16  0:49  Assimilator  
  17  0:57  Probe (Chrono Boost)  
  18  1:08  Probe (Chrono Boost)  
  19  1:12  Gateway  
  19  1:14  Pylon  
  19  1:26  Zealot (Chrono Boost)  
  21  1:33  Cybernetics Core  
  21  1:36  Probe  
  22  1:48  Probe  
  22  1:50  Zealot (Chrono Boost)  
  25  2:10  Mothership Core (Chrono Boost)  
  25  2:11  Adept (Chrono Boost)  
  25  2:14  Adept (Chrono Boost), Pylon  
  31  2:29  Warp Gate (Chrono Boost)  
  31  2:32  Probe  
  32  2:47  Nexus  
  32  2:53  Assimilator  
  32  2:57  Probe  
  33  3:06  Pylon  
  33  3:09  Probe  
  34  3:21  Probe (Chrono Boost)  
  35  3:32  Probe (Chrono Boost)  
  34  3:36  Stargate  
  32  3:42  Adept x2  
  32  3:43  Probe (Chrono Boost)  
  37  3:53  Probe (Chrono Boost)  
  36  3:59  Pylon  
  36  4:01  Probe (Chrono Boost)  
  37  4:04  Probe (Chrono Boost)  
  38  4:12  Probe (Chrono Boost)  
  38  4:14  Probe (Chrono Boost)  
  40  4:19  Oracle (Chrono Boost)  
  40  4:21  Probe (Chrono Boost)  
  44  4:25  Probe  
  44  4:31  Probe  
  45  4:32  Adept x2  
  45  4:37  Probe  
  51  4:41  Probe  
  52  4:49  Probe  
  52  4:51  Void Ray (Chrono Boost)  
  52  4:52  Pylon  
  57  4:53  Adept  
  57  4:55  Probe  
  57  4:57  Assimilator  
  60  5:01  Probe  
  60  5:05  Probe  
  60  5:16  Probe  
  60  5:18  Probe  
  58  5:28  Probe (Chrono Boost)  
  58  5:30  Probe (Chrono Boost)  
  56  5:37  Adept  
  56  5:38  Adept  
  61  5:43  Nexus, Probe x2 (Chrono Boost)  
  61  5:44  Pylon  
  61  5:47  Robotics Facility  
  62  5:53  Probe x2 (Chrono Boost)  
  64  5:58  Assimilator  
  64  6:02  Twilight Council  
  64  6:03  Forge  
  64  6:04  Sentry x2, Probe x2 (Chrono Boost)  
  66  6:10  Gateway  
  70  6:14  Probe x2 (Chrono Boost)  
  72  6:22  Robotics Facility  
  72  6:25  Probe x2 (Chrono Boost)  
  74  6:32  Zealot  
  74  6:33  Zealot  
  74  6:35  Protoss Ground Weapons Level 1 (Chrono Boost)  
  74  6:39  Pylon  
  78  6:46  Gateway  
  78  6:49  Gateway  
  78  6:54  Probe  
  78  6:55  Probe x2  
  83  7:04  Gateway  
  83  7:05  Probe  
  83  7:07  Probe  
  83  7:08  Probe  
  86  7:09  Immortal  
  86  7:12  Pylon  
  88  7:17  Sentry x3  
  88  7:30  Photon Cannon  
  88  7:32  Photon Cannon  
  88  7:37  Gateway  
  88  7:45  Sentry x2, Photon Cannon, Adept  
  88  7:46  Adept  
  88  7:50  Immortal (Chrono Boost)  
  88  7:58  Adept  
  88  8:02  Pylon  
  79  8:07  Adept x2  
  79  8:09  Zealot x2, Probe  
  79  8:10  Probe x2 (Chrono Boost)  
  79  8:12  Protoss Ground Weapons Level 2 (Chrono Boost), Immortal (Chrono Boost)  
  88  8:21  Mothership Core (Chrono Boost)  
  88  8:27  Probe x2 (Chrono Boost)  
  92  8:28  Immortal  
  92  8:33  Pylon  
  96  8:35  Pylon  
  96  8:40  Probe (Chrono Boost)  
  99  8:41  Probe x2 (Chrono Boost)  
  101  8:50  Stalker x2  
  101  8:51  Stalker x3  
  107  8:58  Probe (Chrono Boost)  
  107  8:59  Probe x2 (Chrono Boost)  
  107  9:01  Assimilator  
  110  9:04  Pylon  
  110  9:05  Assimilator  
  110  9:09  Charge  
  110  9:20  Warp Prism (Chrono Boost)  
  110  9:21  Immortal (Chrono Boost)  
  116  9:29  Gateway  
  116  9:31  Gateway  
  116  9:34  Photon Cannon  
  116  9:37  Pylon  
  116  9:40  Templar Archives  
  116  9:43  Photon Cannon  
  116  9:58  Immortal x2 (Chrono Boost)  
  124  10:20  Pylon  
  124  10:22  Zealot  
  124  10:23  Nexus  
  124  10:26  High Templar x2  
  124  10:27  High Templar x2, Pylon  
  134  10:31  Archon, Protoss Ground Armor Level 1  
  134  10:36  Archon  
  134  10:42  Immortal (Chrono Boost)  
  138  10:45  Pylon  
  138  10:47  Pylon  
  138  10:54  High Templar x2  
  138  10:55  Zealot x2  
  146  10:57  Pylon  
  146  10:58  Archon, Pylon  
  146  10:59  Zealot x4  
  143  11:21  Zealot  
  143  11:22  Zealot x5  
  143  11:23  Immortal (Chrono Boost)  
  143  11:24  Immortal (Chrono Boost)  
  129  11:32  High Templar  
  129  11:33  High Templar  
  129  11:38  Archon  
  121  11:47  High Templar x2  
  121  11:48  Zealot x4  
  121  11:52  Archon  
  133  11:56  Pylon  
  133  11:58  Immortal x2 (Chrono Boost)  
  141  12:12  Nexus  
  141  12:14  Pylon  
  141  12:15  High Templar x2  
  145  12:17  Zealot x2  
  145  12:19  Archon  
  149  12:24  Zealot x2  
  153  12:30  Zealot x2  
  139  12:52  Zealot x5  
  139  12:53  Zealot x3  
  137  13:00  Warp Prism (Chrono Boost)  
  137  13:01  Immortal (Chrono Boost)  
  133  13:14  High Templar x2  
  133  13:15  High Templar x2  
  141  13:21  Archon x2  
  141  13:25  Zealot x4  
  149  13:32  Observer (Chrono Boost)  
  150  13:48  Zealot x5  
  148  13:49  Zealot  
  144  14:14  Immortal x2 (Chrono Boost)  
  152  14:28  High Templar x3  
  152  14:30  High Templar  
  158  14:31  High Templar x2  
  158  14:32  Zealot  
  158  14:35  Archon x2  
  158  14:36  Archon  
  164  14:45  Pylon  
  164  14:51  Pylon  
  164  15:16  Fleet Beacon  
  164  15:18  Stargate  
  156  15:33  Stargate  
  156  15:34  Pylon  
  156  15:49  Pylon  
  156  15:50  Pylon  
  156  16:05  Nexus  
  148  16:12  Tempest (Chrono Boost)  
  148  16:16  Tempest (Chrono Boost)  
  166  16:19  Zealot  
  166  16:20  Zealot x4  
  166  16:22  Zealot  
  178  16:33  High Templar x2  
  178  16:34  Tempest (Chrono Boost)  
  178  16:37  Archon  
  170  16:51  Tempest (Chrono Boost)  
  172  17:06  Tempest (Chrono Boost)  
  139  17:37  High Templar x2  
  139  17:43  Archon  
  104  17:56  Stalker x4  
  80  18:16  Stalker  
  70  18:34  Stalker  
  70  18:45  Stalker  
  56  19:03  Stalker  
  56  19:16  Stalker  
  40  19:29  Stalker  
  34  19:57  Stalker x2  
  28  20:05  Stalker  
  30  20:27  Stalker  
  32  20:45  Stalker  

Tags
 
Add a new tag
Caveats
  • Supply blocks, unpowered buildings, or Contaminate may cause inaccurate times.
  • Supply counts are checked every 10 seconds.